 Dungeon Crawl Stone Soup version 0.23-a0-270-gab6feb3 (webtiles) character file.

216 technobutter the Poker (level 5, -4/40 HPs)
             Began as a Merfolk Gladiator on Sept 30, 2018.
             Shot with an arrow by a centaur (12 damage)
             ... on level 5 of the Dungeon.
             The game lasted 00:18:55 (3322 turns).

technobutter the Poker (Merfolk Gladiator)          Turns: 3322, Time: 00:18:56

Health: -4/40      AC:  7    Str: 15      XL:     5   Next: 93%
Magic:  5/5        EV: 12    Int:  8      God:
Gold:   86         SH:  0    Dex: 14 (15) Spells: 4/4 levels left

rFire    . . .     SeeInvis .   a - +0 trident
rCold    . . .     Gourm    .   (no shield)
rNeg     . . .     Faith    .   i - +0 scale mail
rPois    .         Spirit   .   c - +0 helmet
rElec    .         Reflect  .   (no cloak)
rCorr    .         Harm     .   (no gloves)
MR       .....                  (no boots)
Stlth    ..........             (no amulet)
HPRegen  0.13/turn              (no ring)
MPRegen  0.09/turn              (no ring)

@: no status effects
A: change form in water, swift swim, stealthy swim
a: no special abilities


You were on level 5 of the Dungeon.
You were not hungry.

You visited 1 branch of the dungeon, and saw 4 of its levels.

You collected 86 gold pieces.

Inventory:

Hand Weapons
 a - a +0 trident (weapon)
Missiles
 d - 3 throwing nets (quivered)
Armour
 b - a +0 leather armour
 c - a +0 helmet (worn)
 i - a +0 scale mail (worn)
Wands
 k - a wand of flame (51)
 l - a wand of polymorph (15)
Scrolls
 g - 2 scrolls of identify
 j - 2 scrolls of amnesia
 m - a scroll of remove curse
 n - 2 scrolls of fog
Potions
 e - 2 potions of agility
 h - 2 potions of might
Comestibles
 f - 3 rations


   Skills:
 + Level 2.8 Fighting
 + Level 6.6 Polearms
 + Level 2.0 Throwing
 + Level 1.8 Armour
 + Level 5.3 Dodging
 + Level 0.8 Stealth


You had 4 spell levels left.
You didn't know any spells.
Your spell library was empty.

Dungeon Overview and Level Annotations

Branches:
Dungeon (3/15)

Altars:
Elyvilon
Hepliaklqana
Vehumet
Wu Jian
The Shining One


Message History

The centaur shoots an arrow.
The arrow hits you.
You open the door.
The centaur shoots an arrow.
The arrow closely misses you.
There is an open door here.
A centaur is nearby!
The centaur shoots an arrow.
The arrow hits you.
The centaur unwields an uncursed shortbow.
The centaur closely misses you.
You see here an arrow.
You hit the centaur.
The centaur is lightly wounded.
The centaur hits you.
* * * LOW HITPOINT WARNING * * *
The centaur closely misses you.
You hit the centaur.
The centaur is moderately wounded.
The centaur hits you.
* * * LOW HITPOINT WARNING * * *
The centaur wields an uncursed shortbow.
The centaur shoots an arrow.
The arrow hits you!
You die...

#.. ... #..
#.####......
#..##.#.........
#.....#.........
#.....#.........
+.....+.........
#.....#.........
##'#.........
#.(@(c# #(...(#
#......#..#.....#
#......#..#.....#
#......+..#.....+
#......#..#.....#
#......#..#.....#
#......#..#.....+
#......#..#.....#


You could see a centaur.

Vanquished Creatures
  A phantom (D:5)
  A quasit (D:5)
  6 adders (D:2)
  A worm (D:2)
  A leopard gecko (D:5)
  2 giant cockroaches
  4 goblins
  5 hobgoblins
  6 kobolds
  2 quokkas (D:2)
  4 bats
  2 frilled lizards (D:2)
  A leopard gecko skeleton (D:5)
  8 rats
44 creatures vanquished.

Notes
Turn   | Place    | Note
-------+----------+-------------------------------------------
     0 | D:1      | technobutter the Merfolk Gladiator began the quest for the
                  | Orb.
     0 | D:1      | Reached XP level 1. HP: 16/16 MP: 1/1
   163 | D:1      | Reached XP level 2. HP: 20/22 MP: 2/2
   646 | D:1      | Reached skill level 5 in Polearms
  1154 | D:2      | Reached XP level 3. HP: 21/28 MP: 3/3
  1384 | D:2      | Found a radiant altar of Vehumet.
  1627 | D:2      | Reached XP level 4. HP: 34/34 MP: 4/4
  1840 | D:2      | Found a white marble altar of Elyvilon.
  1849 | D:2      | Found an ornate altar of the Wu Jian Council.
  1853 | D:2      | Found a hazy altar of Hepliaklqana.
  1853 | D:2      | Found a glowing golden altar of the Shining One.
  1880 | D:2      | Reached skill level 5 in Dodging
  2011 | D:2      | Reached skill level 6 in Polearms
  2738 | D:3      | You fall through a shaft for 2 floors!
  2738 | D:5      | Entered Level 5 of the Dungeon
  2812 | D:5      | Reached skill level 1 in Armour
  2812 | D:5      | Reached XP level 5. HP: 24/39 MP: 5/5
  2953 | D:5      | Noticed a phantom
  3006 | D:5      | Killed a phantom
  3309 | D:5      | Noticed a centaur
  3322 | D:5      | Shot with an arrow by a centaur

Vault maps used:
D:1:      enne_arrival_octagon_isle, serial_forest,
          infiniplex_forest_lined_room_2, infiniplex_forest_clump_small,
          infiniplex_forest_clump_double, infiniplex_forest_clump_tiny,
          infiniplex_forest_split, infiniplex_forest_corner_1
D:2:      kb_forest_paths, fiery_altar_vehumet, grunt_temple_overflow_open
D:3:      nicolae_dithmenos_shadow_blocks, uniq_terence
D:5:      first_ration, minivault_5, uniq_blork_the_orc, uniq_pikel

Skill      XL: |  1  2  3  4 |
---------------+-------------+-----
Polearms       | 5 6 |  6.6
Dodging        | 5 |  5.3
Armour         | 1 |  1.8
Fighting       | |  2.8
Throwing       | |  2.0
Stealth        | |  0.8

Action                   |  1- 3 |  4- 6 || total
-------------------------+-------+-------++-------
Melee: Trident           |   150 |   120 ||   270
Evoke: Wand              |       |     1 ||     1
  Use: Scroll            |     5 |     1 ||     6
  Eat: Ration            |     1 |     2 ||     3
Armor: Leather armour    |     9 |       ||     9
       Scale mail        |    43 |    61 ||   104
Dodge: Dodged            |    83 |    93 ||   176

Table legend:
 A = Non-vault XP
 B = Vault XP
 C = Vault XP percentage of total XP
 D = Non-vault monster count
 E = Vault monster count
 F = Vault count percentage of total count
                 A         B        C        D         E       F
            +---------+---------+-------+---------+---------+-------
      Total |     274 |      35 |  11.3 |      38 |       6 |  13.6
            +---------+---------+-------+---------+---------+-------
        D:1 |      33 |       0 |   0.0 |      21 |       0 |   0.0
        D:2 |      68 |      35 |  34.0 |      13 |       6 |  31.6
        D:5 |     173 |       0 |   0.0 |       4 |       0 |   0.0
            +---------+---------+-------+---------+---------+-------
